Canucks vs Coyotes
Created - 16 avril 2015 at 19:16
Goals
|
| Canucks |
0 |
3 |
2 |
5 |
| Coyotes |
0 |
1 |
2 |
3 |
|
Shots
|
| Canucks |
12 |
9 |
10 |
31 |
| Coyotes |
9 |
17 |
9 |
35 |
|
1st period
No Goal
Penalties :
Erik Christensen (Ari) for Cross-checking (Minor) at 8:14, Antti Miettinen (Van) for Hooking (Minor) at 15:13, Denis Grebeshkov (Ari) for Tripping (Minor) at 19:51
2nd period
1. Canucks , Jaromir Jagr 1 (Matt Stajan, Alex Goligoski) at 0:13 (PP)
2. Coyotes , Drew Miller 1 (Tim Connolly) at 4:42
3. Canucks , Maxim Lapierre 1 (Alex Tanguay, Alex Goligoski) at 15:18 (SH)
4. Canucks , Jaromir Jagr 2 (Alex Goligoski, Peter Worrell) at 16:57 (PP)
Penalties :
Denis Grebeshkov (Ari) for High sticking (Minor) at 4:58, Carey Price (Van) for Slashing (Minor) at 7:36 - Tomas Plekanec served the penalty, Tomas Plekanec (Van) for Roughing (Minor) at 10:18, Tomas Plekanec (Van) for Holding (Minor) at 13:33, Frans Nielsen (Ari) for Hooking (Minor) at 16:33, Peter Worrell (Van) for High sticking (Double Minor) at 16:58, Maxim Lapierre (Van) for Holding (Minor) at 18:01
3rd period
5. Coyotes , Frans Nielsen 1 (Chad Larose, Tyler Ennis) at 3:44
6. Coyotes , Drew Miller 2 (Adrian Aucoin, Marian Gaborik) at 9:32
7. Canucks , Clarke MacArthur 1 (Tomas Plekanec) at 18:06 (PP)
8. Canucks , Matt Stajan 1 (Jaromir Jagr, Kim Johnsson) at 19:27 (Empty Net)
Penalties :
Adrian Aucoin (Ari) for Slashing (Minor) at 4:49, Tom Poti (Van) for Hooking (Minor) at 9:35, Peter Worrell (Van) for Roughing (Minor) at 14:27, Drew Miller (Ari) for Holding (Minor) at 16:52
Goalie Stats
Carey Price (Van), 32 saves from 35 shots - (0,914), W, 1-0-0, 60:00 minutes
Ryan Miller (Ari), 26 saves from 30 shots - (0,867), L, 0-1-0, 59:38 minutes
Players Stats for Canucks
Player Name G A P +/- PIM S H SB GA TA FO MP PP MP PK MP
------------------------------------------------------------------------------------
Alex Goligoski 0 3 3 0 0 0 2 2 1 3 0/0 29:57 5:10 10:13
Alex Tanguay 0 1 1 1 0 0 1 0 1 0 0/0 10:33 0:00 1:45
Antti Miettinen 0 0 0 0 2 0 2 1 1 0 0/1 12:01 3:09 0:00
Clarke MacArthur 1 0 1 0 0 2 2 1 0 0 0/0 16:29 3:09 4:08
David Jones 0 0 0 0 0 1 2 0 0 1 0/1 8:39 0:00 0:00
Jaromir Jagr 2 1 3 -2 0 4 4 0 2 1 12/17 25:09 4:48 9:05
Jason Chimera 0 0 0 0 0 0 0 0 1 0 1/1 6:54 0:00 0:00
Karl Alzner 0 0 0 0 0 0 0 0 0 0 0/0 9:18 0:00 1:11
Kim Johnsson 0 1 1 -1 0 0 3 1 0 1 0/0 22:16 2:47 5:40
Kyle Cumiskey 0 0 0 0 0 1 4 0 0 1 0/0 7:54 0:00 0:07
Matt Stajan 1 1 2 -2 0 5 1 1 1 0 14/29 24:39 4:48 8:35
Maxim Lapierre 1 0 1 1 2 3 2 2 0 0 3/8 12:10 0:00 3:19
Nikolai Zherdev 0 0 0 0 0 6 0 0 0 0 0/1 6:54 0:00 0:00
Peter Worrell 0 1 1 -2 6 0 2 2 0 0 1/2 18:39 4:48 2:45
Ryan Craig 0 0 0 0 0 3 1 1 0 0 1/2 7:03 0:00 0:09
Sami Lepisto 0 0 0 -1 0 1 1 0 0 1 0/0 22:09 2:47 5:33
Tom Poti 0 0 0 0 2 2 0 3 1 1 0/0 28:44 5:10 9:02
Tomas Plekanec 0 1 1 0 4 3 2 0 0 0 4/5 12:33 3:09 0:00
Players Stats for Coyotes
Player Name G A P +/- PIM S H SB GA TA FO MP PP MP PK MP
------------------------------------------------------------------------------------
Adrian Aucoin 0 1 1 2 2 4 1 1 1 1 0/0 18:06 0:16 3:59
Andy Sutton 0 0 0 0 0 0 0 1 0 0 0/0 11:08 0:00 1:35
Anton Stralman 0 0 0 0 0 1 0 3 0 1 0/0 22:59 6:08 3:35
Chad Larose 0 1 1 1 0 1 1 1 1 0 1/1 14:09 0:16 4:49
Chris Stewart 0 0 0 0 0 2 0 1 1 0 0/2 14:49 6:39 0:00
Denis Grebeshkov 0 0 0 1 4 7 2 1 0 1 0/0 25:44 9:45 2:06
Drew Miller 2 0 2 2 2 3 2 0 2 2 4/8 16:40 0:16 3:55
Erik Christensen 0 0 0 0 2 0 0 0 0 0 2/7 15:04 6:08 1:08
Erik Cole 0 0 0 0 0 3 2 0 1 0 0/0 10:28 0:00 2:41
Frans Nielsen 1 0 1 1 2 3 0 0 1 0 2/5 18:06 6:39 2:47
Kurt Sauer 0 0 0 0 0 0 0 2 0 0 0/0 16:33 0:00 4:39
Marian Gaborik 0 1 1 0 0 2 0 1 0 0 1/3 20:58 8:58 0:00
Saku Koivu 0 0 0 0 0 4 2 0 1 0 7/11 14:56 6:39 0:07
Sami Kapanen 0 0 0 0 0 0 1 0 0 0 0/0 6:55 0:00 0:00
Sergei Gonchar 0 0 0 -1 0 1 1 1 0 2 0/0 19:33 9:45 0:00
Shawn Thornton 0 0 0 0 0 0 1 0 0 0 0/0 7:22 0:00 0:27
Tim Connolly 0 1 1 0 0 3 0 1 0 0 14/29 21:00 8:58 0:00
Tyler Ennis 0 1 1 -1 0 1 0 0 1 1 0/1 17:27 8:58 0:00
3 Stars
1 - Jaromir Jagr (Van)
2 - Drew Miller (Ari)
3 - Alex Goligoski (Van)
Power Play
Canucks - 3 on 6 Attempt(s) - 50,00%
Coyotes - 0 on 9 Attempt(s) - 0,00%
Penalty Kill
Canucks - 9 on 9 Attempt(s) - 100,00%
- Score 1 goal in Penalty Kill
Coyotes - 3 on 6 Attempt(s) - 50,00%
- Score 0 goal in Penalty Kill
Team Stat
Canucks - Hits : 29 - Faceoff Wins : 36 - Blocked Shots : 14 - Penalty Minutes : 16
Coyotes - Hits : 13 - Faceoff Wins : 31 - Blocked Shots : 13 - Penalty Minutes : 12
Official
Referees : Devorski Paul and McCauley Wes
Linesman : Greg Devorski and David Brisebois
Game Notes
Matt Stajan has scored in a empty net!
Finance
Level 1 -- Attendance: 4365 (72,75%) -- Ticket Income 545 625 $
Level 2 -- Attendance: 3352 (67,04%) -- Ticket Income 251 400 $
Level 3 -- Attendance: 1370 (68,50%) -- Ticket Income 68 500 $
Level 4 -- Attendance: 2130 (53,25%) -- Ticket Income 85 200 $
Luxury Box -- Attendance: 707 (70,70%) -- Ticket Income 176 750 $
Game was played at the The Pack Center'
Total Attendance: 11924 (66,24%)
Total Ticket Income: 1 127 475 $
Other Income: 169 121 $
Total Income: 1 296 596 $
Canucks
5 vs 5 Forward
Center Left Wing Right Wing Time % Phy DF OF
1 Matt Stajan Peter Worrell Jaromir Jagr 40 1 2 2
2 Tomas Plekanec Clarke MacArthur Antti Miettinen 30 1 2 2
3 Maxim Lapierre Alex Tanguay David Jones 20 1 2 2
4 Ryan Craig Jason Chimera Nikolai Zherdev 10 1 2 2
5 vs 5 Defense
Defense Defense Time % Phy DF OF
1 Alex Goligoski Tom Poti 40 1 2 2
2 Kim Johnsson Sami Lepisto 30 1 2 2
3 Kyle Cumiskey Karl Alzner 20 1 2 2
4 Alex Goligoski Tom Poti 10 1 2 2
PowerPlay Forward
Center Left Wing Right Wing Time % Phy DF OF
1 Matt Stajan Peter Worrell Jaromir Jagr 60 1 2 2
2 Tomas Plekanec Clarke MacArthur Antti Miettinen 40 1 2 2
PowerPlay Defense
Defense Defense Time % Phy DF OF
1 Alex Goligoski Tom Poti 60 1 2 2
2 Kim Johnsson Sami Lepisto 40 1 2 2
Penalty Kill 4 Players Forward
Center Wing Time % Phy DF OF
1 Jaromir Jagr Matt Stajan 60 1 2 2
2 Peter Worrell Clarke MacArthur 40 1 2 2
Penalty Kill 4 Players Defense
Defense Defense Time % Phy DF OF
1 Alex Goligoski Tom Poti 60 1 2 2
2 Kim Johnsson Sami Lepisto 40 1 2 2
Penalty Kill - 3 Players Forward
Forward Time % Phy DF OF
1 Jaromir Jagr 60 1 2 2
2 Matt Stajan 40 1 2 2
Penalty Kill - 3 Players Defense
Defense Defense Time % Phy DF OF
1 Alex Goligoski Tom Poti 60 1 2 2
2 Kim Johnsson Sami Lepisto 40 1 2 2
4 vs 4 Forward
Center Wing Time % Phy DF OF
1 Jaromir Jagr Matt Stajan 60 1 2 2
2 Peter Worrell Clarke MacArthur 40 1 2 2
4 vs 4 Defense
Defense Defense Time % Phy DF OF
1 Alex Goligoski Tom Poti 60 1 2 2
2 Kim Johnsson Sami Lepisto 40 1 2 2
Last Minutes Offensive
Center Left Wing Right Wing Defense Defense
Matt Stajan Peter Worrell Jaromir Jagr Alex Goligoski Tom Poti
Last Minutes Defensive
Center Left Wing Right Wing Defense Defense
Matt Stajan Peter Worrell Jaromir Jagr Alex Goligoski Tom Poti
Goaltenders
Starting : Carey Price
Backup : Brent Krahn
Extra Forwards
Normal : Alex Tanguay, David Jones, Maxim Lapierre - PP : Alex Tanguay, David Jones - PK : Maxim Lapierre
Extra Defensemen
Normal : Kyle Cumiskey, Karl Alzner, Kim Johnsson - PP : Kyle Cumiskey - PK : Karl Alzner, Kim Johnsson
Penalty Shots
Jaromir Jagr, Matt Stajan, Peter Worrell, Clarke MacArthur, Tomas Plekanec
Coyotes
5 vs 5 Forward
Center Left Wing Right Wing Time % Phy DF OF
1 Tim Connolly Drew Miller Marian Gaborik 36 1 1 3
2 Frans Nielsen Tyler Ennis Chad Larose 29 1 2 2
3 Saku Koivu Erik Cole Chris Stewart 26 1 2 2
4 Erik Christensen Shawn Thornton Sami Kapanen 9 2 2 1
5 vs 5 Defense
Defense Defense Time % Phy DF OF
1 Denis Grebeshkov Adrian Aucoin 37 1 2 2
2 Kurt Sauer Anton Stralman 34 1 3 1
3 Andy Sutton Sergei Gonchar 28 1 3 1
4 Sergei Gonchar Denis Grebeshkov 1 1 1 3
PowerPlay Forward
Center Left Wing Right Wing Time % Phy DF OF
1 Tim Connolly Tyler Ennis Marian Gaborik 57 0 0 5
2 Saku Koivu Frans Nielsen Chris Stewart 43 0 0 5
PowerPlay Defense
Defense Defense Time % Phy DF OF
1 Denis Grebeshkov Sergei Gonchar 57 0 0 5
2 Anton Stralman Erik Christensen 43 0 0 5
Penalty Kill 4 Players Forward
Center Wing Time % Phy DF OF
1 Drew Miller Chad Larose 54 0 5 0
2 Frans Nielsen Erik Cole 46 0 5 0
Penalty Kill 4 Players Defense
Defense Defense Time % Phy DF OF
1 Adrian Aucoin Kurt Sauer 54 1 4 0
2 Anton Stralman Denis Grebeshkov 46 1 4 0
Penalty Kill - 3 Players Forward
Forward Time % Phy DF OF
1 Drew Miller 52 0 5 0
2 Chad Larose 48 0 5 0
Penalty Kill - 3 Players Defense
Defense Defense Time % Phy DF OF
1 Kurt Sauer Adrian Aucoin 52 0 5 0
2 Anton Stralman Denis Grebeshkov 48 0 5 0
4 vs 4 Forward
Center Wing Time % Phy DF OF
1 Tim Connolly Marian Gaborik 52 1 2 2
2 Frans Nielsen Drew Miller 48 1 3 1
4 vs 4 Defense
Defense Defense Time % Phy DF OF
1 Adrian Aucoin Anton Stralman 52 1 3 1
2 Denis Grebeshkov Kurt Sauer 48 1 3 1
Last Minutes Offensive
Center Left Wing Right Wing Defense Defense
Tim Connolly Tyler Ennis Marian Gaborik Denis Grebeshkov Adrian Aucoin
Last Minutes Defensive
Center Left Wing Right Wing Defense Defense
Drew Miller Erik Cole Chad Larose Denis Grebeshkov Kurt Sauer
Goaltenders
Starting : Ryan Miller
Backup : Marc Denis
Extra Forwards
Normal : Marian Gaborik, Tyler Ennis, Chris Stewart - PP : Marian Gaborik, Tyler Ennis - PK : Drew Miller
Extra Defensemen
Normal : Denis Grebeshkov, Adrian Aucoin, Anton Stralman - PP : Denis Grebeshkov - PK : Kurt Sauer, Adrian Aucoin
Penalty Shots
Marian Gaborik, Tyler Ennis, Chad Larose, Drew Miller, Tim Connolly
% Time on Ice - Canucks
Lines # - Real PCT - Wanted PCT - Time Play
Normal Forward
1 - 31% - 40% - 10:54
2 - 26% - 30% - 9:12
3 - 24% - 20% - 8:39
4 - 19% - 10% - 6:54
Normal Defense
1 - 38% - 40% - 13:42
2 - 37% - 30% - 13:18
3 - 21% - 20% - 7:34
4 - 3% - 10% - 1:05
PP Forward
1 - 60% - 60% - 4:48
2 - 40% - 40% - 3:09
PP Defense
1 - 65% - 60% - 5:10
2 - 35% - 40% - 2:47
PK Forward
1 - 70% - 60% - 9:46
2 - 30% - 40% - 4:08
PK Defense
1 - 67% - 60% - 9:18
2 - 33% - 40% - 4:36
PK3 Forward
1 - 87% - 60% - 1:43
2 - 13% - 40% - 0:16
PK3 Defense
1 - 52% - 60% - 1:02
2 - 48% - 40% - 0:57
44 Forward
1 - 0% - 60%
2 - 0% - 40%
44 Defense
1 - 0% - 60%
2 - 0% - 40%
Last Minute Offensive - 0:00
Last Minute Defensive - 0:31
Total
Forward - 60:00
Defense - 60:00
|
% Time on Ice - Coyotes
Lines # - Real PCT - Wanted PCT - Time Play
Normal Forward
1 - 34% - 36% - 12:08
2 - 25% - 29% - 8:51
3 - 22% - 26% - 7:46
4 - 19% - 9% - 6:55
Normal Defense
1 - 40% - 37% - 14:10
2 - 35% - 34% - 12:28
3 - 25% - 28% - 9:02
4 - 0% - 1% - 0:00
PP Forward
1 - 56% - 57% - 8:58
2 - 44% - 43% - 6:55
PP Defense
1 - 61% - 57% - 9:45
2 - 39% - 43% - 6:08
PK Forward
1 - 66% - 54% - 5:16
2 - 34% - 46% - 2:41
PK Defense
1 - 55% - 54% - 4:21
2 - 45% - 46% - 3:36
PK3 Forward
1 - 0% - 52%
2 - 0% - 48%
PK3 Defense
1 - 0% - 52%
2 - 0% - 48%
44 Forward
1 - 0% - 52%
2 - 0% - 48%
44 Defense
1 - 0% - 52%
2 - 0% - 48%
Last Minute Offensive - 0:30
Last Minute Defensive - 0:00
Total
Forward - 60:00
Defense - 60:00
|
Play by Play
1st period
0:01 of 1st period - Tim Connolly wins face-off versus Matt Stajan in neutral zone.
0:33 of 1st period - Wrist shot by Frans Nielsen.
0:33 of 1st period - Stopped by Carey Price with a rebound.
1:57 of 1st period - Snap shot by Clarke MacArthur.
1:57 of 1st period - Shot Blocked by Andy Sutton.
2:38 of 1st period - Wrist shot by Tim Connolly.
2:38 of 1st period - Shot Misses the Net.
3:10 of 1st period - Alex Goligoski is hit by Chad Larose.
3:30 of 1st period - Adrian Aucoin is hit by Maxim Lapierre and loses puck.
3:51 of 1st period - Drew Miller is hit by Matt Stajan and loses puck.
4:15 of 1st period - Sami Kapanen is hit by Kim Johnsson and loses puck.
4:44 of 1st period - Chad Larose is hit by Ryan Craig and loses puck.
4:59 of 1st period - Snap shot by Chris Stewart.
4:59 of 1st period - Stopped by Carey Price with a rebound.
5:01 of 1st period - Slapshot by Saku Koivu.
5:01 of 1st period - Stopped by Carey Price with a rebound.
5:03 of 1st period - Wrist shot by Erik Cole.
5:03 of 1st period - Shot Blocked by Tom Poti.
5:05 of 1st period - Slapshot by Anton Stralman.
5:05 of 1st period - Stopped by Carey Price with a rebound.
5:17 of 1st period - Backhand shot by Maxim Lapierre.
5:17 of 1st period - Shot Misses the Net.
5:19 of 1st period - Slapshot by Tom Poti.
5:19 of 1st period - Shot Hit the Post.
6:00 of 1st period - Erik Cole is hit by Kyle Cumiskey and loses puck.
6:27 of 1st period - Nikolai Zherdev is hit by Sergei Gonchar.
6:41 of 1st period - Adrian Aucoin is hit by David Jones.
6:45 of 1st period - Karl Alzner is hit by Shawn Thornton and loses puck.
7:25 of 1st period - Kim Johnsson is hit by Erik Cole and loses puck.
7:32 of 1st period - Denis Grebeshkov is hit by Clarke MacArthur and loses puck.
7:43 of 1st period - Drew Miller is hit by Kyle Cumiskey and loses puck.
7:48 of 1st period - Wrist shot by Nikolai Zherdev.
7:48 of 1st period - Shot Blocked by Tim Connolly.
8:04 of 1st period - Jaromir Jagr is hit by Sami Kapanen and loses puck.
8:14 of 1st period - Minor Penalty to Erik Christensen for Cross-checking.
8:15 of 1st period - Matt Stajan wins face-off versus Drew Miller in Coyotes zone.
9:17 of 1st period - Anton Stralman is hit by Tomas Plekanec.
10:14 of 1st period - Penalty to Erik Christensen is over, Erik Christensen is back on ice.
10:41 of 1st period - Karl Alzner is hit by Erik Cole and loses puck.
10:48 of 1st period - Wrist shot by Kyle Cumiskey.
10:48 of 1st period - Stopped by Ryan Miller without a rebound.
10:49 of 1st period - Maxim Lapierre wins face-off versus Erik Christensen in Coyotes zone.
11:17 of 1st period - Snap shot by Jason Chimera.
11:17 of 1st period - Shot Blocked by Anton Stralman.
11:43 of 1st period - Snap shot by Tomas Plekanec.
11:43 of 1st period - Stopped by Ryan Miller with a rebound.
11:45 of 1st period - Slapshot by Sami Lepisto.
11:45 of 1st period - Deflect By Tim Connolly.
11:45 of 1st period - Stopped by Ryan Miller without a rebound.
11:46 of 1st period - Matt Stajan wins face-off versus Saku Koivu in Coyotes zone.
11:47 of 1st period - Snap shot by Jaromir Jagr.
11:47 of 1st period - Stopped by Ryan Miller with a rebound.
11:55 of 1st period - Snap shot by Erik Cole.
11:55 of 1st period - Stopped by Carey Price without a rebound.
11:56 of 1st period - Saku Koivu wins face-off versus Matt Stajan in Canucks zone.
12:11 of 1st period - Snap shot by Saku Koivu.
12:11 of 1st period - Shot Misses the Net.
12:13 of 1st period - Wrist shot by Chris Stewart.
12:13 of 1st period - Deflect By Erik Cole.
12:13 of 1st period - Stopped by Carey Price with a rebound.
12:15 of 1st period - Snap shot by Erik Cole.
12:15 of 1st period - Stopped by Carey Price with a rebound.
12:17 of 1st period - Wrist shot by Denis Grebeshkov.
12:17 of 1st period - Stopped by Carey Price with a rebound.
12:19 of 1st period - Slapshot by Adrian Aucoin.
12:19 of 1st period - Shot Blocked by Alex Goligoski.
12:21 of 1st period - Slapshot by Denis Grebeshkov.
12:21 of 1st period - Deflect By Alex Goligoski.
12:21 of 1st period - Stopped by Carey Price without a rebound.
12:22 of 1st period - Tomas Plekanec wins face-off versus Tim Connolly in Canucks zone.
12:51 of 1st period - Wrist shot by Matt Stajan.
12:51 of 1st period - Stopped by Ryan Miller with a rebound.
13:09 of 1st period - Snap shot by Nikolai Zherdev.
13:09 of 1st period - Stopped by Ryan Miller without a rebound.
13:10 of 1st period - Ryan Craig wins face-off versus Tim Connolly in Coyotes zone.
13:15 of 1st period - Slapshot by Tom Poti.
13:15 of 1st period - Stopped by Ryan Miller without a rebound.
13:16 of 1st period - Marian Gaborik wins face-off versus Nikolai Zherdev in Coyotes zone.
13:21 of 1st period - Wrist shot by Drew Miller.
13:21 of 1st period - Shot Misses the Net.
13:26 of 1st period - Off-side.
13:27 of 1st period - Tim Connolly wins face-off versus Matt Stajan in neutral zone.
14:11 of 1st period - Snap shot by Erik Cole.
14:11 of 1st period - Shot Misses the Net.
14:40 of 1st period - Snap shot by Sami Kapanen.
14:40 of 1st period - Shot Misses the Net.
14:54 of 1st period - Snap shot by Tomas Plekanec.
14:54 of 1st period - Stopped by Ryan Miller without a rebound.
14:55 of 1st period - Tomas Plekanec wins face-off versus Tim Connolly in Coyotes zone.
15:13 of 1st period - Minor Penalty to Antti Miettinen for Hooking.
15:14 of 1st period - Jaromir Jagr wins face-off versus Tim Connolly in Canucks zone.
17:13 of 1st period - Penalty to Antti Miettinen is over, Antti Miettinen is back on ice.
17:22 of 1st period - Wrist shot by Ryan Craig.
17:22 of 1st period - Stopped by Ryan Miller without a rebound.
17:23 of 1st period - Jason Chimera wins face-off versus Erik Christensen in Coyotes zone.
17:26 of 1st period - Snap shot by Nikolai Zherdev.
17:26 of 1st period - Shot Misses the Net.
17:28 of 1st period - Snap shot by Nikolai Zherdev.
17:28 of 1st period - Stopped by Ryan Miller with a rebound.
17:30 of 1st period - Wrist shot by Ryan Craig.
17:30 of 1st period - Shot Misses the Net.
17:44 of 1st period - Drew Miller is hit by Kyle Cumiskey.
17:48 of 1st period - Clarke MacArthur is hit by Adrian Aucoin and loses puck.
18:26 of 1st period - Slapshot by Alex Goligoski.
18:26 of 1st period - Deflect By Nikolai Zherdev.
18:26 of 1st period - Stopped by Ryan Miller without a rebound.
18:27 of 1st period - Erik Christensen wins face-off versus Ryan Craig in Coyotes zone.
18:42 of 1st period - Snap shot by Nikolai Zherdev.
18:42 of 1st period - Stopped by Ryan Miller without a rebound.
18:43 of 1st period - Matt Stajan wins face-off versus Tim Connolly in Coyotes zone.
18:44 of 1st period - Snap shot by Jaromir Jagr.
18:44 of 1st period - Shot Blocked by Anton Stralman.
19:20 of 1st period - Wrist shot by Alex Tanguay.
19:20 of 1st period - Shot Blocked by Kurt Sauer.
19:26 of 1st period - Snap shot by Alex Tanguay.
19:26 of 1st period - Shot Misses the Net.
19:38 of 1st period - Frans Nielsen is hit by Sami Lepisto and loses puck.
19:51 of 1st period - Minor Penalty to Denis Grebeshkov for Tripping.
19:52 of 1st period - Matt Stajan wins face-off versus Drew Miller in Coyotes zone.
Goals for this period are 0 for Canucks vs 0 for Coyotes.
Shots for this period are 12 for Canucks vs 9 for Coyotes.
2nd period
0:01 of 2nd period - Drew Miller wins face-off versus Peter Worrell in neutral zone.
0:06 of 2nd period - Drew Miller is hit by Peter Worrell and loses puck.
0:13 of 2nd period - Snap shot by Jaromir Jagr.
0:13 of 2nd period - Goal by Jaromir Jagr - Canucks : 1 - Coyotes : 0.
0:14 of 2nd period - Matt Stajan wins face-off versus Frans Nielsen in neutral zone.
0:21 of 2nd period - Snap shot by Frans Nielsen.
0:21 of 2nd period - Stopped by Carey Price without a rebound.
0:22 of 2nd period - Frans Nielsen wins face-off versus Matt Stajan in Canucks zone.
0:37 of 2nd period - Slapshot by Chad Larose.
0:37 of 2nd period - Shot Blocked by Peter Worrell.
0:48 of 2nd period - Denis Grebeshkov is hit by Jaromir Jagr and loses puck.
1:47 of 2nd period - Snap shot by Chad Larose.
1:47 of 2nd period - Shot Blocked by Kim Johnsson.
1:49 of 2nd period - Wrist shot by Tyler Ennis.
1:49 of 2nd period - Shot Blocked by Antti Miettinen.
2:01 of 2nd period - Kurt Sauer is hit by David Jones and loses puck.
3:04 of 2nd period - Slapshot by Adrian Aucoin.
3:04 of 2nd period - Stopped by Carey Price without a rebound.
3:05 of 2nd period - Maxim Lapierre wins face-off versus Frans Nielsen in Canucks zone.
3:35 of 2nd period - Wrist shot by Tim Connolly.
3:35 of 2nd period - Stopped by Carey Price without a rebound.
3:36 of 2nd period - Tomas Plekanec wins face-off versus Marian Gaborik in Canucks zone.
3:40 of 2nd period - Off-side.
3:41 of 2nd period - Matt Stajan wins face-off versus Tim Connolly in neutral zone.
3:46 of 2nd period - Andy Sutton is hit by Jaromir Jagr and loses puck.
4:09 of 2nd period - Snap shot by Chris Stewart.
4:09 of 2nd period - Stopped by Carey Price with a rebound.
4:11 of 2nd period - Snap shot by Andy Sutton.
4:11 of 2nd period - Shot Blocked by Clarke MacArthur.
4:38 of 2nd period - Slapshot by Denis Grebeshkov.
4:38 of 2nd period - Stopped by Carey Price without a rebound.
4:39 of 2nd period - Tim Connolly wins face-off versus Matt Stajan in Canucks zone.
4:40 of 2nd period - Snap shot by Drew Miller.
4:40 of 2nd period - Stopped by Carey Price with a rebound.
4:42 of 2nd period - Snap shot by Drew Miller.
4:42 of 2nd period - Goal by Drew Miller - Canucks : 1 - Coyotes : 1.
4:43 of 2nd period - Drew Miller wins face-off versus Matt Stajan in neutral zone.
4:58 of 2nd period - Minor Penalty to Denis Grebeshkov for High sticking.
4:59 of 2nd period - Drew Miller wins face-off versus Matt Stajan in Coyotes zone.
6:26 of 2nd period - Icing by Jaromir Jagr.
6:27 of 2nd period - Frans Nielsen wins face-off versus Matt Stajan in Canucks zone.
6:42 of 2nd period - Antti Miettinen is hit by Drew Miller and loses puck.
6:58 of 2nd period - Penalty to Denis Grebeshkov is over, Denis Grebeshkov is back on ice.
7:07 of 2nd period - Denis Grebeshkov is hit by Kim Johnsson and loses puck.
7:16 of 2nd period - Slapshot by Ryan Craig.
7:16 of 2nd period - Stopped by Ryan Miller with a rebound.
7:30 of 2nd period - Snap shot by Denis Grebeshkov.
7:30 of 2nd period - Stopped by Carey Price without a rebound.
7:31 of 2nd period - Saku Koivu wins face-off versus Tomas Plekanec in Canucks zone.
7:34 of 2nd period - Snap shot by Saku Koivu.
7:34 of 2nd period - Stopped by Carey Price with a rebound.
7:36 of 2nd period - Snap shot by Saku Koivu.
7:36 of 2nd period - Stopped by Carey Price without a rebound.
7:36 of 2nd period - Minor Penalty to Carey Price for Slashing.
7:37 of 2nd period - Jaromir Jagr wins face-off versus Tim Connolly in Canucks zone.
8:05 of 2nd period - Slapshot by Saku Koivu.
8:05 of 2nd period - Shot Blocked by Tom Poti.
8:07 of 2nd period - Wrist shot by Saku Koivu.
8:07 of 2nd period - Shot Misses the Net.
8:09 of 2nd period - Slapshot by Denis Grebeshkov.
8:09 of 2nd period - Stopped by Carey Price without a rebound.
8:10 of 2nd period - Jaromir Jagr wins face-off versus Saku Koivu in Canucks zone.
8:10 of 2nd period - Jaromir Jagr is hit by Saku Koivu.
8:17 of 2nd period - Icing by Frans Nielsen.
8:18 of 2nd period - Jaromir Jagr wins face-off versus Saku Koivu in Coyotes zone.
8:21 of 2nd period - Snap shot by Jaromir Jagr.
8:21 of 2nd period - Shot Misses the Net.
8:41 of 2nd period - Snap shot by Marian Gaborik.
8:41 of 2nd period - Shot Misses the Net.
8:43 of 2nd period - Wrist shot by Marian Gaborik.
8:43 of 2nd period - Shot Misses the Net.
9:36 of 2nd period - Penalty to Tomas Plekanec is over, Tomas Plekanec is back on ice.
9:58 of 2nd period - Snap shot by Nikolai Zherdev.
9:58 of 2nd period - Stopped by Ryan Miller with a rebound.
10:00 of 2nd period - Snap shot by Nikolai Zherdev.
10:00 of 2nd period - Stopped by Ryan Miller without a rebound.
10:01 of 2nd period - Saku Koivu wins face-off versus Antti Miettinen in Coyotes zone.
10:01 of 2nd period - Saku Koivu is hit by Antti Miettinen.
10:18 of 2nd period - Minor Penalty to Tomas Plekanec for Roughing.
10:19 of 2nd period - Tim Connolly wins face-off versus Jaromir Jagr in Canucks zone.
11:40 of 2nd period - Tyler Ennis is hit by Alex Tanguay and loses puck.
12:09 of 2nd period - Marian Gaborik is hit by Jaromir Jagr.
12:18 of 2nd period - Penalty to Tomas Plekanec is over, Tomas Plekanec is back on ice.
12:19 of 2nd period - Snap shot by Tomas Plekanec.
12:19 of 2nd period - Shot Blocked by Sergei Gonchar.
12:45 of 2nd period - Snap shot by Ryan Craig.
12:45 of 2nd period - Stopped by Ryan Miller with a rebound.
13:23 of 2nd period - Drew Miller is hit by Antti Miettinen and loses puck.
13:33 of 2nd period - Minor Penalty to Tomas Plekanec for Holding.
13:34 of 2nd period - Jaromir Jagr wins face-off versus Tim Connolly in Canucks zone.
15:16 of 2nd period - Snap shot by Alex Tanguay.
15:16 of 2nd period - Shot Misses the Net.
15:18 of 2nd period - Snap shot by Maxim Lapierre.
15:18 of 2nd period - Goal by Maxim Lapierre - Canucks : 2 - Coyotes : 1.
15:19 of 2nd period - Jaromir Jagr wins face-off versus Chris Stewart in neutral zone.
15:33 of 2nd period - Penalty to Tomas Plekanec is over, Tomas Plekanec is back on ice.
15:34 of 2nd period - Wrist shot by Saku Koivu.
15:34 of 2nd period - Shot Misses the Net.
15:44 of 2nd period - Wrist shot by Tomas Plekanec.
15:44 of 2nd period - Stopped by Ryan Miller without a rebound.
15:45 of 2nd period - Maxim Lapierre wins face-off versus Tim Connolly in Coyotes zone.
15:52 of 2nd period - Slapshot by Maxim Lapierre.
15:52 of 2nd period - Deflect By David Jones.
15:52 of 2nd period - Shot Misses the Net.
15:52 of 2nd period - Puck is out of play.
15:53 of 2nd period - Matt Stajan wins face-off versus Marian Gaborik in Coyotes zone.
16:02 of 2nd period - Snap shot by Marian Gaborik.
16:02 of 2nd period - Stopped by Carey Price with a rebound.
16:04 of 2nd period - Slapshot by Adrian Aucoin.
16:04 of 2nd period - Stopped by Carey Price without a rebound.
16:05 of 2nd period - Tim Connolly wins face-off versus Matt Stajan in Canucks zone.
16:33 of 2nd period - Minor Penalty to Frans Nielsen for Hooking.
16:34 of 2nd period - Matt Stajan wins face-off versus Drew Miller in Coyotes zone.
16:41 of 2nd period - Snap shot by Matt Stajan.
16:41 of 2nd period - Shot Misses the Net.
16:43 of 2nd period - Wrist shot by Peter Worrell.
16:43 of 2nd period - Shot Blocked by Chad Larose.
16:45 of 2nd period - Snap shot by Peter Worrell.
16:45 of 2nd period - Shot Blocked by Adrian Aucoin.
16:47 of 2nd period - Wrist shot by Matt Stajan.
16:47 of 2nd period - Stopped by Ryan Miller without a rebound.
16:48 of 2nd period - Matt Stajan wins face-off versus Drew Miller in Coyotes zone.
16:53 of 2nd period - Snap shot by Jaromir Jagr.
16:53 of 2nd period - Shot Misses the Net.
16:55 of 2nd period - Slapshot by Alex Goligoski.
16:55 of 2nd period - Shot Blocked by Kurt Sauer.
16:57 of 2nd period - Slapshot by Jaromir Jagr.
16:57 of 2nd period - Goal by Jaromir Jagr - Canucks : 3 - Coyotes : 1.
16:58 of 2nd period - Matt Stajan wins face-off versus Tim Connolly in neutral zone.
16:58 of 2nd period - Double Minor Penalty to Peter Worrell for High sticking.
16:59 of 2nd period - Tim Connolly wins face-off versus Jaromir Jagr in Canucks zone.
17:00 of 2nd period - Snap shot by Tyler Ennis.
17:00 of 2nd period - Stopped by Carey Price without a rebound.
17:01 of 2nd period - Tim Connolly wins face-off versus Jaromir Jagr in Canucks zone.
17:02 of 2nd period - Slapshot by Tyler Ennis.
17:02 of 2nd period - Shot Misses the Net.
17:04 of 2nd period - Wrist shot by Denis Grebeshkov.
17:04 of 2nd period - Stopped by Carey Price with a rebound.
17:06 of 2nd period - Wrist shot by Marian Gaborik.
17:06 of 2nd period - Shot Misses the Net.
17:08 of 2nd period - Snap shot by Marian Gaborik.
17:08 of 2nd period - Shot Misses the Net.
17:10 of 2nd period - Slapshot by Tim Connolly.
17:10 of 2nd period - Shot Hit the Post.
17:12 of 2nd period - Slapshot by Sergei Gonchar.
17:12 of 2nd period - Stopped by Carey Price with a rebound.
17:14 of 2nd period - Slapshot by Denis Grebeshkov.
17:14 of 2nd period - Shot Misses the Net.
17:16 of 2nd period - Slapshot by Tim Connolly.
17:16 of 2nd period - Stopped by Carey Price without a rebound.
17:17 of 2nd period - Jaromir Jagr wins face-off versus Tim Connolly in Canucks zone.
17:17 of 2nd period - Jaromir Jagr is hit by Denis Grebeshkov.
17:41 of 2nd period - Tim Connolly is hit by Maxim Lapierre and loses puck.
18:01 of 2nd period - Minor Penalty to Maxim Lapierre for Holding.
18:02 of 2nd period - Jaromir Jagr wins face-off versus Saku Koivu in Canucks zone.
18:02 of 2nd period - Jaromir Jagr is hit by Saku Koivu.
Goals for this period are 3 for Canucks vs 1 for Coyotes.
Shots for this period are 9 for Canucks vs 17 for Coyotes.
3rd period
0:01 of 3rd period - Penalty to Maxim Lapierre is over, Maxim Lapierre is back on ice.
0:01 of 3rd period - Jaromir Jagr wins face-off versus Tim Connolly in neutral zone.
0:36 of 3rd period - Slapshot by Erik Christensen.
0:36 of 3rd period - Shot Blocked by Matt Stajan.
0:58 of 3rd period - Penalty to Peter Worrell is over, Peter Worrell is back on ice.
2:22 of 3rd period - Wrist shot by Tyler Ennis.
2:22 of 3rd period - Shot Misses the Net.
2:24 of 3rd period - Wrist shot by Chad Larose.
2:24 of 3rd period - Stopped by Carey Price with a rebound.
2:48 of 3rd period - Snap shot by Sami Kapanen.
2:48 of 3rd period - Shot Blocked by Maxim Lapierre.
2:50 of 3rd period - Wrist shot by Shawn Thornton.
2:50 of 3rd period - Shot Misses the Net.
3:22 of 3rd period - Chad Larose is hit by Clarke MacArthur and loses puck.
3:33 of 3rd period - Adrian Aucoin is hit by Peter Worrell and loses puck.
3:44 of 3rd period - Slapshot by Frans Nielsen.
3:44 of 3rd period - Goal by Frans Nielsen - Canucks : 3 - Coyotes : 2.
3:45 of 3rd period - Tim Connolly wins face-off versus Matt Stajan in neutral zone.
4:20 of 3rd period - Snap shot by David Jones.
4:20 of 3rd period - Stopped by Ryan Miller with a rebound.
4:22 of 3rd period - Snap shot by Alex Tanguay.
4:22 of 3rd period - Shot Misses the Net.
4:42 of 3rd period - Slapshot by Saku Koivu.
4:42 of 3rd period - Stopped by Carey Price without a rebound.
4:43 of 3rd period - Matt Stajan wins face-off versus Frans Nielsen in Canucks zone.
4:49 of 3rd period - Minor Penalty to Adrian Aucoin for Slashing.
4:50 of 3rd period - Drew Miller wins face-off versus Matt Stajan in Coyotes zone.
6:02 of 3rd period - Sami Lepisto is hit by Denis Grebeshkov.
6:20 of 3rd period - Drew Miller is hit by Jaromir Jagr and loses puck.
6:49 of 3rd period - Penalty to Adrian Aucoin is over, Adrian Aucoin is back on ice.
7:41 of 3rd period - Wrist shot by Tyler Ennis.
7:41 of 3rd period - Shot Blocked by Ryan Craig.
8:01 of 3rd period - Off-side.
8:02 of 3rd period - Saku Koivu wins face-off versus Maxim Lapierre in neutral zone.
8:09 of 3rd period - Wrist shot by Maxim Lapierre.
8:09 of 3rd period - Stopped by Ryan Miller without a rebound.
8:10 of 3rd period - Matt Stajan wins face-off versus Tim Connolly in Coyotes zone.
8:13 of 3rd period - Slapshot by Alex Goligoski.
8:13 of 3rd period - Shot Blocked by Marian Gaborik.
8:15 of 3rd period - Wrist shot by Jaromir Jagr.
8:15 of 3rd period - Shot Blocked by Denis Grebeshkov.
8:17 of 3rd period - Snap shot by Matt Stajan.
8:17 of 3rd period - Stopped by Ryan Miller without a rebound.
8:18 of 3rd period - Tim Connolly wins face-off versus Matt Stajan in Coyotes zone.
9:16 of 3rd period - Wrist shot by Maxim Lapierre.
9:16 of 3rd period - Shot Misses the Net.
9:18 of 3rd period - Slapshot by Kim Johnsson.
9:18 of 3rd period - Deflect By David Jones.
9:18 of 3rd period - Shot Blocked by Chris Stewart.
9:18 of 3rd period - Puck is out of play.
9:19 of 3rd period - Tim Connolly wins face-off versus Matt Stajan in Coyotes zone.
9:28 of 3rd period - Slapshot by Marian Gaborik.
9:28 of 3rd period - Stopped by Carey Price with a rebound.
9:30 of 3rd period - Slapshot by Adrian Aucoin.
9:30 of 3rd period - Stopped by Carey Price with a rebound.
9:32 of 3rd period - Snap shot by Drew Miller.
9:32 of 3rd period - Goal by Drew Miller - Canucks : 3 - Coyotes : 3.
9:33 of 3rd period - Peter Worrell wins face-off versus Tim Connolly in neutral zone.
9:35 of 3rd period - Minor Penalty to Tom Poti for Hooking.
9:36 of 3rd period - Tim Connolly wins face-off versus Jaromir Jagr in Canucks zone.
11:35 of 3rd period - Penalty to Tom Poti is over, Tom Poti is back on ice.
12:27 of 3rd period - Andy Sutton is hit by Kim Johnsson and loses puck.
12:41 of 3rd period - Chad Larose is hit by Tomas Plekanec and loses puck.
12:48 of 3rd period - Slapshot by Antti Miettinen.
12:48 of 3rd period - Shot Hit the Post.
12:50 of 3rd period - Slapshot by Tom Poti.
12:50 of 3rd period - Stopped by Ryan Miller without a rebound.
12:51 of 3rd period - Tim Connolly wins face-off versus Maxim Lapierre in Coyotes zone.
13:34 of 3rd period - Kurt Sauer is hit by Kyle Cumiskey and loses puck.
14:02 of 3rd period - Icing by Denis Grebeshkov.
14:03 of 3rd period - Erik Christensen wins face-off versus Maxim Lapierre in Coyotes zone.
14:16 of 3rd period - Slapshot by Erik Christensen.
14:16 of 3rd period - Shot Misses the Net.
14:18 of 3rd period - Snap shot by Sami Kapanen.
14:18 of 3rd period - Deflect By Shawn Thornton.
14:18 of 3rd period - Shot Misses the Net.
14:18 of 3rd period - Puck is out of play.
14:19 of 3rd period - Tim Connolly wins face-off versus Matt Stajan in Canucks zone.
14:22 of 3rd period - Snap shot by Tim Connolly.
14:22 of 3rd period - Shot Blocked by Peter Worrell.
14:27 of 3rd period - Minor Penalty to Peter Worrell for Roughing.
14:28 of 3rd period - Jaromir Jagr wins face-off versus Tim Connolly in Canucks zone.
14:33 of 3rd period - Backhand shot by Tim Connolly.
14:33 of 3rd period - Shot Misses the Net.
14:50 of 3rd period - Icing by Sergei Gonchar.
14:51 of 3rd period - Jaromir Jagr wins face-off versus Tyler Ennis in Coyotes zone.
14:54 of 3rd period - Snap shot by Matt Stajan.
14:54 of 3rd period - Stopped by Ryan Miller without a rebound.
14:55 of 3rd period - Tim Connolly wins face-off versus Jaromir Jagr in Coyotes zone.
15:41 of 3rd period - Snap shot by Tim Connolly.
15:41 of 3rd period - Stopped by Carey Price with a rebound.
15:43 of 3rd period - Slapshot by Denis Grebeshkov.
15:43 of 3rd period - Deflect By Jaromir Jagr.
15:43 of 3rd period - Stopped by Carey Price without a rebound.
15:44 of 3rd period - Jaromir Jagr wins face-off versus Chris Stewart in Canucks zone.
16:27 of 3rd period - Penalty to Peter Worrell is over, Peter Worrell is back on ice.
16:52 of 3rd period - Minor Penalty to Drew Miller for Holding.
16:53 of 3rd period - Chad Larose wins face-off versus Matt Stajan in Coyotes zone.
17:00 of 3rd period - Wrist shot by Chad Larose.
17:00 of 3rd period - Shot Misses the Net.
17:18 of 3rd period - Frans Nielsen is hit by Alex Goligoski and loses puck.
17:27 of 3rd period - Snap shot by Clarke MacArthur.
17:27 of 3rd period - Stopped by Ryan Miller without a rebound.
17:28 of 3rd period - Matt Stajan wins face-off versus Erik Christensen in Coyotes zone.
17:37 of 3rd period - Snap shot by Jaromir Jagr.
17:37 of 3rd period - Deflect By Peter Worrell.
17:37 of 3rd period - Shot Blocked by Anton Stralman.
17:37 of 3rd period - Puck is out of play.
17:38 of 3rd period - Matt Stajan wins face-off versus Erik Christensen in Coyotes zone.
17:56 of 3rd period - Snap shot by Matt Stajan.
17:56 of 3rd period - Deflect By Jaromir Jagr.
17:56 of 3rd period - Deflect By Anton Stralman.
17:56 of 3rd period - Stopped by Ryan Miller without a rebound.
17:57 of 3rd period - Tomas Plekanec wins face-off versus Erik Christensen in Coyotes zone.
18:06 of 3rd period - Slapshot by Clarke MacArthur.
18:06 of 3rd period - Goal by Clarke MacArthur - Canucks : 4 - Coyotes : 3.
18:07 of 3rd period - Saku Koivu wins face-off versus Maxim Lapierre in neutral zone.
18:10 of 3rd period - Snap shot by Saku Koivu.
18:10 of 3rd period - Shot Misses the Net.
18:18 of 3rd period - Slapshot by Maxim Lapierre.
18:18 of 3rd period - Stopped by Ryan Miller without a rebound.
18:19 of 3rd period - Saku Koivu wins face-off versus Maxim Lapierre in Coyotes zone.
18:34 of 3rd period - Slapshot by Maxim Lapierre.
18:34 of 3rd period - Shot Misses the Net.
18:44 of 3rd period - Tom Poti is hit by Drew Miller and loses puck.
19:05 of 3rd period - Coyotes, Ryan Miller is pulled from the net.
19:05 of 3rd period - Snap shot by Marian Gaborik.
19:05 of 3rd period - Shot Misses the Net.
19:27 of 3rd period - Snap shot by Matt Stajan.
19:27 of 3rd period - Goal by Matt Stajan - Canucks : 5 - Coyotes : 3.
19:27 of 3rd period - Ryan Miller from Coyotes was sent back in the game.
19:28 of 3rd period - Saku Koivu wins face-off versus David Jones in neutral zone.
19:31 of 3rd period - Slapshot by Adrian Aucoin.
19:31 of 3rd period - Shot Blocked by Tom Poti.
19:33 of 3rd period - Wrist shot by Erik Cole.
19:33 of 3rd period - Shot Blocked by Alex Goligoski.
19:35 of 3rd period - Slapshot by Adrian Aucoin.
19:35 of 3rd period - Stopped by Carey Price with a rebound.
19:37 of 3rd period - Snap shot by Saku Koivu.
19:37 of 3rd period - Shot Blocked by Maxim Lapierre.
19:53 of 3rd period - Denis Grebeshkov is hit by Alex Goligoski and loses puck.
Goals for this period are 2 for Canucks vs 2 for Coyotes.
Shots for this period are 10 for Canucks vs 9 for Coyotes.
Output by the SimonT Hockey Simulator (STHS) for François Prévost -- Original Page W3C XHTML 1.0 Valid